AoeStats
← 看我如何吊爆你

Arabia

503351024Analyzed
1v1 RM · 1mo ago on Aug 31, 2026· 28m 34s· 2 players
Game mode
Random Map
Map size
Tiny (2 player)
Population
200
Speed
Normal
Resources
Standard
Victory
Conquest
Starting age
Dark Age
Ending age
Imperial Age
RankedLock teamsTeams togetherTeam positionsShared explorationLock speedFull tech treeHidden civsTurbo modeCheats
Victory
Defeat
🇨🇳 Khmer · China
880
+18
🇳🇿 Italians · New Zealand
926
-18
看我如何吊爆你
3:28 Loom
10:31 Feudal Age
14:15 Castle Age
18:08 Bloodlines
20:28 Double-Bit Axe
22:27 Husbandry
23:54 Wheelbarrow
24:07 Gold Mining
27:34 Hand Cart
27:35 Bow Saw
27:34 Scale Barding Armor
27:39 Forging
27:14 Horse Collar
Dufstro@lert
0:33 Loom
10:49 Feudal Age
12:08 Wheelbarrow
11:58 Double-Bit Axe
12:23 Horse Collar
12:57 Fletching
14:19 Padded Archer Armor
16:20 Scale Mail Armor
17:24 Forging
23:36 Castle Age
24:37 Bow Saw
24:29 Heavy Plow
27:18 Pikeman
Connection lost

Rejoining the realm…

Still unreachable

The connection could not be restored.

Session expired

The server has moved on; the page needs a fresh start.